 Dungeon Crawl Stone Soup version 0.28-a0-834-g1a73be5ee4 (webtiles) character file.

Game seed: 8756268557030372918

2417 Gargoyl the Skirmisher (level 9, -7/74 HPs)
             Began as a Gnoll Abyssal Knight on Nov 11, 2021.
             Was a Priest of Lugonu.
             Mangled by a wraith (10 damage)
             ... on level 6 of the Dungeon.
             The game lasted 00:08:51 (7878 turns).

Gargoyl the Skirmisher (Gnoll Abyssal Knight)       Turns: 7878, Time: 00:08:52

Health: -7/74      AC: 11    Str: 16    XL:     9   Next: 47%
Magic:  7/15       EV:  8    Int: 10    God:    Lugonu [***...]
Gold:   409        SH:  0    Dex: 12    Spells: 16/16 levels left

rFire   + . .      SeeInvis .   c - +3 war axe (vamp)
rCold   . . .      Faith    .   (no shield)
rNeg    . . .      Spirit   .   k - +0 chain mail
rPois   .          Reflect  .   p - +0 helmet
rElec   .          Harm     .   (no cloak)
rCorr   .          Rampage  .   (no gloves)
Will    +....                   (no boots)
Stlth   ..........              (no amulet)
HPRegen 0.22/turn               (no ring)
MPRegen 0.14/turn               (no ring)

@: slowed, very slow
A: fangs 1, strong nose, distributed training, fire resistance 1, strong-willed
1
a: Renounce Religion, Depart the Abyss, Bend Space, Banish


You were on level 6 of the Dungeon.
You worshipped Lugonu.
Lugonu was most pleased with you.
You visited 1 branch of the dungeon, and saw 6 of its levels.
You visited the Abyss 1 time.
You also visited: Sewer.

You collected 409 gold pieces.

Inventory:

Hand Weapons
 a - a +1 hand axe
 c - a +3 vampiric war axe (weapon)
Missiles
 b - a throwing net
 j - 6 poisoned darts (quivered)
Armour
 k - a +0 chain mail (worn)
 p - a +0 helmet (worn)
Scrolls
 g - a scroll of magic mapping
Potions
 d - a potion of ambrosia
 e - a potion of invisibility
 f - 3 potions of curing
 h - 7 potions of heal wounds {unknown}
 i - 2 potions of mutation
 l - a potion of brilliance {unknown}
 m - a potion of magic {unknown}
 n - 4 potions of flight
 o - a potion of haste {unknown}


   Skills:
 + Level 7.9 Fighting
 + Level 4.3 Short Blades
 + Level 4.3 Long Blades
 + Level 6.3 Axes
 + Level 4.3 Maces & Flails
 + Level 4.3 Polearms
 + Level 4.3 Staves
 + Level 4.3 Slings
 + Level 4.3 Bows
 + Level 4.3 Crossbows
 + Level 4.3 Throwing
 + Level 6.3 Armour
 + Level 5.1 Dodging
 + Level 4.3 Stealth
 + Level 4.3 Shields
 + Level 4.3 Unarmed Combat
 + Level 4.3 Spellcasting
 + Level 3.5 Conjurations
 + Level 3.5 Hexes
 + Level 3.5 Summonings
 + Level 3.5 Necromancy
 + Level 3.5 Translocations
 + Level 3.5 Transmutations
 + Level 3.5 Fire Magic
 + Level 3.5 Ice Magic
 + Level 3.5 Air Magic
 + Level 3.5 Earth Magic
 + Level 3.5 Poison Magic
 + Level 6.6 Invocations
 + Level 4.3 Evocations


You had 16 spell levels left.
You didn't know any spells.
Your spell library contained the following spells:

 Spells                   Type           Power      Damage    Failure   Level
 Animate Skeleton         Necr           18%        N/A       63%         1
 Apportation              Tloc           18%        N/A       63%         1
 Pain                     Necr           36%        1d5       63%         1
 Slow                     Hex            36%        N/A       63%         1
 Summon Small Mammal      Summ           36%        N/A       63%         1
 Confusing Touch          Hex            9%         N/A       94%         3
 Vampiric Draining        Necr           9%         2d6       94%         3
 Cause Fear               Hex            4%         N/A       100%        4
 Dragon Form              Tmut           4%         N/A       100%        7
 Dragon's Call            Summ           4%         N/A       100%        9


Dungeon Overview and Level Annotations

Branches:
Dungeon (6/15)             Temple (0/1) D:4           Sewer (visited)

Altars:
Ru
Beogh


Innate Abilities, Weirdness & Mutations

You have very sharp teeth.
Your uncanny sense of smell can sniff out nearby items.
Your experience applies equally to all skills.
Your flesh is heat resistant. (rF+)
You are strong-willed. (Will+)


Message History

The wraith hits you but does no damage. x2
You hit the wraith but do no damage.
The wraith is severely damaged.
The wraith hits you! The wraith drains your vigour!
You feel as though you will be slow longer.
The wraith hits you.
* * * LOW HITPOINT WARNING * * *
Unknown command.
You closely miss the wraith.
The wraith is severely damaged.
The wraith barely misses you.
Unknown command.
You hit the wraith.
The wraith is severely damaged.
The wraith closely misses you. The wraith hits you!
* * * LOW HITPOINT WARNING * * *
The wraith drains your vigour!
You feel as though you will be slow longer.
Unknown command.
Press: ? - help, Shift-Dir - straight line, f - wraith
Aim: a wraith (severely damaged, chance to affect: 54%)
The wraith resists with significant effort.
The wraith hits you.
* * * LOW HITPOINT WARNING * * *
The wraith hits you.
* * * LOW HITPOINT WARNING * * *
The wraith drains your vigour!
You feel as though you will be slow longer.
Press: ? - help, Shift-Dir - straight line, f/p - wraith
Aim: a wraith (severely damaged, chance to affect: 54%)
You fail to use your ability.
The wraith hits you but does no damage.
Press: ? - help, Shift-Dir - straight line, f/p - wraith
Aim: a wraith (severely damaged, chance to affect: 54%)
The wraith resists with significant effort.
The wraith hits you.
* * * LOW HITPOINT WARNING * * *
The wraith drains your vigour!
You feel as though you will be slow longer.
The wraith hits you!
You die...

##'### #.###
#....
########
##### #......
#... ##.....
##.## #.....
#.... #...W#
## #..##
#[..@# . #..#
#....##
#.####..#
#.....#
#.......#
###'#.#
#..####.##
#######.#...
#..#.....#
#.......#...+
#.....####
#.#######...#
#........#
##.#####
#...#
#####..#.#
#......#
#.(.#
#....#.#


You could see a wraith.

Vanquished Creatures
  5 humans (D:6)
  A sky beast (D:6)
  5 ogres (D:6)
  A phantom (D:4)
  A bullfrog (D:4)
  2 scorpions
  A jelly (D:6)
  2 bullfrog skeletons (D:5)
  2 iguanas
  A small abomination (Abyss:1)
  A hound skeleton (D:4)
  4 gnolls (D:5)
  A howler monkey skeleton (D:6)
  4 adders
  3 river rats (D:5)
  5 worms
  2 dart slugs
  9 orcs
  8 ball pythons
  12 endoplasms
  6 giant cockroaches
  9 goblins
  5 hobgoblins
  8 jackals
  4 quokkas
  11 bats
  2 frilled lizards
  4 kobolds
  7 rats
126 creatures vanquished.

Vanquished Creatures (collateral kills)
  A smoke demon (Abyss:1)
  A small abomination (Abyss:1)
2 creatures vanquished.

Vanquished Creatures (others)
  2 foxfires (Abyss:1)
2 creatures vanquished.

Grand Total: 130 creatures vanquished

Notes
Turn   | Place    | Note
-------+----------+-------------------------------------------
     0 | Abyss:1  | Gargoyl the Gnoll Abyssal Knight began the quest for the
                  | Orb.
     0 | Abyss:1  | Reached XP level 1. HP: 23/23 MP: 3/3
    38 | Abyss:1  | Noticed a smoke demon
    50 | Abyss:1  | Killed a smoke demon
    51 | Abyss:1  | Reached skill level 5 in Axes
    51 | Abyss:1  | Reached skill level 5 in Armour
    51 | Abyss:1  | Reached skill level 1 in Conjurations
    51 | Abyss:1  | Reached skill level 1 in Hexes
    51 | Abyss:1  | Reached skill level 1 in Summonings
    51 | Abyss:1  | Reached skill level 1 in Necromancy
    51 | Abyss:1  | Reached skill level 1 in Translocations
    51 | Abyss:1  | Reached skill level 1 in Transmutations
    51 | Abyss:1  | Reached skill level 1 in Fire Magic
    51 | Abyss:1  | Reached skill level 1 in Ice Magic
    51 | Abyss:1  | Reached skill level 1 in Air Magic
    51 | Abyss:1  | Reached skill level 1 in Earth Magic
    51 | Abyss:1  | Reached skill level 1 in Poison Magic
    51 | Abyss:1  | Reached skill level 5 in Invocations
    51 | Abyss:1  | Reached XP level 2. HP: 8/29 MP: 3/5
    51 | Abyss:1  | Reached XP level 3. HP: 9/35 MP: 3/6
    51 | Abyss:1  | Reached XP level 4. HP: 11/41 MP: 3/7
    51 | Abyss:1  | Reached XP level 5. HP: 13/47 MP: 3/8
    51 | Abyss:1  | Reached XP level 6. HP: 15/53 MP: 3/9
   205 | Abyss:1  | Noticed a small abomination
   211 | Abyss:1  | Noticed a chaos spawn
   213 | Abyss:1  | Killed a small abomination
   214 | Abyss:1  | Reached XP level 7. HP: 46/59 MP: 10/10
   221 | D:1      | Escaped the Abyss
   370 | D:1      | Reached * piety under Lugonu
   739 | D:1      | You fall into a shaft and drop 1 floor!
  1075 | D:2      | Identified a scroll of acquirement
  1075 | D:2      | Acquired a +2 vampiric war axe
  1363 | D:2      | Found a faded altar of an unknown god.
  1474 | D:2      | Reached skill level 7 in Fighting
  1809 | D:2      | Reached ** piety under Lugonu
  2074 | D:3      | Gained mutation: You have hidden genetic potential. [potion
                  | of mutation]
  3508 | D:4      | Found a staircase to the Ecumenical Temple.
  4247 | D:4      | Found a sacrificial altar of Ru.
  4401 | D:5      | Entered Level 5 of the Dungeon
  4414 | D:5      | Found a glowing drain.
  4433 | Sewer    | Entered a sewer
  4440 | Sewer    | Reached XP level 8. HP: 67/67 MP: 12/12
  4477 | Sewer    | Reached *** piety under Lugonu
  5133 | D:5      | Gained mutation: You are strong-willed. (Will+) [hidden
                  | potential]
  5637 | D:5      | HP: 2/67 [steam dragon (7)]
  6435 | D:6      | Reached XP level 9. HP: 31/72 MP: 14/14
  6653 | D:6      | Gained mutation: Your flesh is heat resistant. (rF+)
                  | [hidden potential]
  6653 | D:6      | Lost mutation: You have hidden genetic potential. [hidden
                  | potential expressed]
  7091 | D:6      | Reached skill level 5 in Dodging
  7878 | D:6      | HP: 3/74 [wraith (6)]
  7878 | D:6      | Mangled by a wraith

Illustrated notes

Levels and vault maps discovered:
D:1:      doesnt_arrival_eight_statues, layout_loops_ring,
          amcnicky_mini_corridor_feature
D:2:      layout_loops_corners, hellmonk_ecumenical_altar_defaced_shrine
D:3:      layout_basic, minmay_fractal_squares_gapless_5
D:4:      layout_layer_cave, general_overflow_altar,
          minmay_temple_entry_slanted, chequers_mini_garden
D:5:      layout_gridville, portal_sewer_entry_b
D:6:      layout_basic, minmay_parallelograms, minmay_ruffians

Skill      XL: |  1  2  3  4  5  6  7  8  9 |
---------------+----------------------------+-----
Short Blades   | 2 3 4 |  4.3
Long Blades    | 2 3 4 |  4.3
Axes           | 5 6 |  6.3
Maces & Flails | 2 3 4 |  4.3
Polearms       | 2 3 4 |  4.3
Staves         | 2 3 4 |  4.3
Slings         | 2 3 4 |  4.3
Bows           | 2 3 4 |  4.3
Crossbows      | 2 3 4 |  4.3
Throwing       | 2 3 4 |  4.3
Armour         | 5 6 |  6.3
Dodging        | 3 4 5 |  5.1
Stealth        | 2 3 4 |  4.3
Shields        | 2 3 4 |  4.3
Unarmed Combat | 2 3 4 |  4.3
Spellcasting   | 2 3 4 |  4.3
Conjurations   | 1 2 3 |  3.5
Hexes          | 1 2 3 |  3.5
Summonings     | 1 2 3 |  3.5
Necromancy     | 1 2 3 |  3.5
Translocations | 1 2 3 |  3.5
Transmutations | 1 2 3 |  3.5
Fire Magic     | 1 2 3 |  3.5
Ice Magic      | 1 2 3 |  3.5
Air Magic      | 1 2 3 |  3.5
Earth Magic    | 1 2 3 |  3.5
Poison Magic   | 1 2 3 |  3.5
Invocations    | 5 6 |  6.6
Evocations     | 2 3 4 |  4.3
Fighting       | 7 |  7.9

Action                   |  1- 3 |  4- 6 |  7- 9 || total
-------------------------+-------+-------+-------++-------
Melee: War axe           |       |       |   312 ||   312
       Hand axe          |       |       |    44 ||    44
       Bite              |       |       |    22 ||    22
       Punch             |       |       |     7 ||     7
Throw: Dart              |       |       |    12 ||    12
Invok: Depart the Abyss  |       |       |     1 ||     1
       Banish            |       |       |     3 ||     3
  Use: Scroll            |     2 |     2 |    13 ||    17
       Potion            |       |       |     2 ||     2
 Stab: Sleeping          |       |       |    10 ||    10
Armor: Leather armour    |     1 |       |    32 ||    33
       Chain mail        |       |       |   164 ||   164
Dodge: Dodged            |       |       |   233 ||   233

Table legend: (Time is in decaauts)
 A = Elapsed time spent in this place.
 B = Non-inter-level travel time spent in this place.
 C = Inter-level travel time spent in this place.
 D = Time resting spent in this place.
 E = Time spent auto-exploring this place.
 F = Levels seen in this place.
 G = Mean time per level.
                   A        B        C        D        E       F      G
               +--------+--------+--------+--------+--------+-----+--------+
         Total |   8065 |   7953 |    112 |    456 |   6260 |   8 | 1008.1 |
       Dungeon |   7325 |   7213 |    112 |    456 |   5736 |   6 | 1220.8 |
         Abyss |    221 |    221 |      0 |      0 |    182 |   1 |  221.0 |
         Sewer |    518 |    518 |      0 |      0 |    342 |   1 |  518.0 |
               +--------+--------+--------+--------+--------+-----+--------+

Top non-repeatable levels by time:
     D:6: 1729 daAuts
     D:4: 1489 daAuts
     D:5: 1388 daAuts
     D:2: 1011 daAuts
     D:3: 862 daAuts
     D:1: 845 daAuts
   Sewer: 518 daAuts
 Abyss:1: 221 daAuts
